EL
PENSACOLA BLUE WAHOOS @ MISSISSIPPI BRAVES
05/26/2048
 
TOP OF THE 1ST
Pensacola Blue Wahoos batting - Pitching for Mississippi Braves : RHP Brian Bailes
Pitching: RHP Brian Bailes
Batting: LHB Phil Lomax 0-0: Ball
1-0: Swinging Strike
1-1: Ball
2-1: Ball
3-1: Ground out U3 (Groundball, 3, EV 101.9 MPH)
Batting: RHB Jonathan Robies 0-0: Called Strike
0-1: Ball
1-1: Ball
2-1: Ground out 6-3 (Groundball, 6, EV 85.6 MPH)
Batting: RHB Tony Casas 0-0: Ball
1-0: Ball
2-0: SINGLE (Groundball, 34D, EV 106.2 MPH)
Batting: RHB Juan Reyes 0-0: Ball
Tony Casas steals 2nd base
1-0: Ball
2-0: Called Strike
2-1: Ball
3-1: Base on Balls
Batting: LHB Brian Snyder 0-0: Foul Ball, location: 2F
0-1: Foul Ball, location: 2F
0-2: Ball
1-2: Strikes out looking
Top of the 1st over - 0 runs, 1 hit, 0 errors, 2 left on base; Pensacola 0 - Mississippi 0
BOTTOM OF THE 1ST
Mississippi Braves batting - Pitching for Pensacola Blue Wahoos : LHP Suk-jin Sok
Pitching: LHP Suk-jin Sok
Batting: RHB Hieronim Rutkowski 0-0: Ball
1-0: Ball
2-0: Called Strike
2-1: Called Strike
2-2: Ball
3-2: Foul Ball, location: 2F
3-2: Strikes out swinging
Batting: RHB Erik Coleman 0-0: Ball
1-0: Called Strike
1-1: Fly out, F8 (Flyball, 89M, EV 88.1 MPH)
Batting: RHB Jose Garate 0-0: Called Strike
0-1: Ball
1-1: Swinging Strike
1-2: SINGLE (Groundball, 5, EV 99.4 MPH)
Batting: RHB Justin Reich 0-0: Ground out 4-3 (Groundball, 34, EV 106.2 MPH)
Bottom of the 1st over - 0 runs, 1 hit, 0 errors, 1 left on base; Pensacola 0 - Mississippi 0
TOP OF THE 2ND
Pensacola Blue Wahoos batting - Pitching for Mississippi Braves : RHP Brian Bailes
Batting: RHB Jordan Torres 0-0: Ball
1-0: Ball
2-0: Ball
3-0: Called Strike
3-1: Ground out 2-3 (Groundball, 13S, EV 61.9 MPH)
Batting: RHB Dave Ruiz 0-0: Foul Ball, location: 2F
0-1: Ball
1-1: Foul Ball, location: 2F
1-2: DOUBLE (Groundball, 5L, EV 105.6 MPH)
Batting: RHB Matt Silva 0-0: Called Strike
0-1: Ground out 6-3 (Groundball, 56, EV 81.9 MPH)
Batting: RHB Pat Mage 0-0: Ball
1-0: Ball
2-0: Called Strike
2-1: Called Strike
2-2: Foul Ball, location: 2F
2-2: Foul Ball, location: 2F
2-2: Strikes out swinging
Top of the 2nd over - 0 runs, 1 hit, 0 errors, 1 left on base; Pensacola 0 - Mississippi 0
BOTTOM OF THE 2ND
Mississippi Braves batting - Pitching for Pensacola Blue Wahoos : LHP Suk-jin Sok
Batting: SHB Jose Melendez 0-0: Ball
1-0: Ground out 5-3 (Groundball, 5, EV 85.0 MPH)
Batting: RHB Yojiro Hayashi 0-0: Ball
1-0: Ball
2-0: Ball
3-0: Base on Balls
Batting: RHB Jordan Martin 0-0: Ball
1-0: Called Strike
1-1: Fielders Choice at 2nd, 1-4 (Groundball, P, EV 67.5 MPH)
Batting: SHB David Beauchamp Pickoff Throw to First - Out! 1-3
Bottom of the 2nd over - 0 runs, 0 hits, 0 errors, 0 left on base; Pensacola 0 - Mississippi 0
TOP OF THE 3RD
Pensacola Blue Wahoos batting - Pitching for Mississippi Braves : RHP Brian Bailes
Batting: LHB Phil Lomax 0-0: Ball
1-0: Ball
2-0: Called Strike
2-1: Ground out 4-3 (Groundball, 34D, EV 104.4 MPH)
Batting: RHB Jonathan Robies 0-0: Called Strike
0-1: Ball
1-1: Ball
2-1: Ball
3-1: SINGLE (Groundball, 56D, EV 100.6 MPH)
Batting: RHB Tony Casas 0-0: Ball
1-0: Ball
2-0: Ball
3-0: Called Strike
3-1: Swinging Strike
3-2: Strikes out swinging
Batting: RHB Juan Reyes 0-0: Called Strike
0-1: Called Strike
0-2: Ball
1-2: Ball
2-2: Strikes out swinging
Top of the 3rd over - 0 runs, 1 hit, 0 errors, 1 left on base; Pensacola 0 - Mississippi 0
BOTTOM OF THE 3RD
Mississippi Braves batting - Pitching for Pensacola Blue Wahoos : LHP Suk-jin Sok
Batting: SHB David Beauchamp 0-0: Ball
1-0: Ground out 6-3 (Groundball, 6, EV 88.1 MPH)
Batting: RHB Alex Velasquez 0-0: Swinging Strike
0-1: Ball
1-1: Ball
2-1: Ball
3-1: SINGLE (Groundball, 4MD, EV 101.9 MPH)
Batting: RHB Hieronim Rutkowski 0-0: Ball
Alex Velasquez steals 2nd base
1-0: Ball
2-0: Ball
3-0: Called Strike
3-1: Base on Balls
Batting: RHB Erik Coleman 0-0: Called Strike
0-1: Ball
1-1: Fly out, F8 (Flyball, 8RD, EV 91.9 MPH)
Batting: RHB Jose Garate 0-0: Ball
1-0: Ball
2-0: Ball
3-0: Base on Balls
Alex Velasquez to third
Hieronim Rutkowski to second
Batting: RHB Justin Reich 0-0: Called Strike
0-1: Foul Ball, location: 2F
0-2: Strikes out swinging
Bottom of the 3rd over - 0 runs, 1 hit, 0 errors, 3 left on base; Pensacola 0 - Mississippi 0
TOP OF THE 4TH
Pensacola Blue Wahoos batting - Pitching for Mississippi Braves : RHP Brian Bailes
Batting: LHB Brian Snyder 0-0: Ball
1-0: Foul Ball, location: 2F
1-1: Ground out 6-3 (Groundball, 4M, EV 86.9 MPH)
Batting: RHB Jordan Torres 0-0: Swinging Strike
0-1: Swinging Strike
0-2: SINGLE (Groundball, 4MD, EV 105.6 MPH)
Batting: RHB Dave Ruiz 0-0: Called Strike
Jordan Torres steals 2nd base
0-1: SINGLE (Groundball, 6M, EV 86.9 MPH) (infield hit)
Jordan Torres to third
Batting: RHB Matt Silva 0-0: Called Strike
0-1: Ball
1-1: Fielders Choice at 2nd, 6-4 (Groundball, 6, EV 78.8 MPH)
Jordan Torres scores
Batting: RHB Pat Mage 0-0: Called Strike
0-1: Foul Ball, location: 2F
0-2: Strikes out looking
Top of the 4th over - 1 run, 2 hits, 0 errors, 1 left on base; Pensacola 1 - Mississippi 0
BOTTOM OF THE 4TH
Mississippi Braves batting - Pitching for Pensacola Blue Wahoos : LHP Suk-jin Sok
Batting: SHB Jose Melendez 0-0: Called Strike
0-1: Ball
1-1: Fly out, F9 (Line Drive, 89M, EV 96.9 MPH)
Batting: RHB Yojiro Hayashi 0-0: Called Strike
0-1: Ground out 6-3 (Groundball, 6M, EV 86.2 MPH)
Batting: RHB Jordan Martin 0-0: Ball
1-0: Fly out, F9 (Flyball, 89M, EV 93.8 MPH)
Bottom of the 4th over - 0 runs, 0 hits, 0 errors, 0 left on base; Pensacola 1 - Mississippi 0
TOP OF THE 5TH
Pensacola Blue Wahoos batting - Pitching for Mississippi Braves : RHP Brian Bailes
Batting: LHB Phil Lomax 0-0: Called Strike
0-1: Ball
1-1: Foul Ball, location: 2F
1-2: Ball
2-2: Ground out 6-3 (Groundball, 6, EV 86.9 MPH)
Batting: RHB Jonathan Robies 0-0: Foul Ball, location: 2F
0-1: Called Strike
0-2: Strikes out looking
Batting: RHB Tony Casas 0-0: Ball
1-0: Foul Ball, location: 2F
1-1: Ball
2-1: SINGLE (Line Drive, 8LS, EV 114.4 MPH)
Batting: RHB Juan Reyes 0-0: Ball
1-0: Ball
2-0: Swinging Strike
2-1: Foul Ball, location: 2F
2-2: Ball
Tony Casas steals 2nd base
3-2: Ground out 6-3 (Groundball, 6, EV 91.9 MPH)
Top of the 5th over - 0 runs, 1 hit, 0 errors, 1 left on base; Pensacola 1 - Mississippi 0
BOTTOM OF THE 5TH
Mississippi Braves batting - Pitching for Pensacola Blue Wahoos : LHP Suk-jin Sok
Batting: SHB David Beauchamp 0-0: Called Strike
0-1: Ball
1-1: Ball
2-1: Fly out, F4 (Popup, 4S, EV 77.5 MPH)
Batting: RHB Alex Velasquez 0-0: Foul Ball, location: 2F
0-1: DOUBLE (Line Drive, 78M, EV 94.4 MPH)
Batting: RHB Hieronim Rutkowski 0-0: Ball
1-0: Ball
2-0: Ball
3-0: Called Strike
3-1: Base on Balls
Batting: RHB Erik Coleman 0-0: Ball
1-0: Ball
2-0: SINGLE (Line Drive, 8RS, EV 105.6 MPH)
Alex Velasquez to third
Hieronim Rutkowski to second
Runner from 3rd tries for Home, SAFE, throw by CF to home
Batting: RHB Jose Garate 0-0: Ball
1-0: Ball
2-0: DOUBLE (Flyball, 7LD, EV 94.4 MPH)
Hieronim Rutkowski scores
Erik Coleman to third
Runner from 3rd tries for Home, SAFE, throw by LF to home
Batting: RHB Justin Reich 0-0: Ball
1-0: Swinging Strike
1-1: Ball
2-1: Foul Ball, location: 2F
2-2: Foul Ball, location: 2F
2-2: Ball
3-2: Fly out, F8 (Flyball, 8LD, EV 100.6 MPH)
Batting: SHB Jose Melendez 0-0: Ground out 5-3 (Groundball, 15, EV 93.8 MPH)
Bottom of the 5th over - 3 runs, 3 hits, 0 errors, 1 left on base; Pensacola 1 - Mississippi 3
TOP OF THE 6TH
Pensacola Blue Wahoos batting - Pitching for Mississippi Braves : RHP Brian Bailes
Batting: LHB Brian Snyder 0-0: Ball
1-0: Ball
2-0: Called Strike
2-1: SINGLE (Line Drive, 8LS, EV 91.2 MPH)
Pitching: LHP Steve Young
Batting: RHB Jordan Torres 0-0: Called Strike
0-1: Ball
1-1: Fly out, F4 (Popup, 4, EV 73.8 MPH)
Batting: RHB Dave Ruiz 0-0: Swinging Strike
0-1: Swinging Strike
0-2: Ball
1-2: Strikes out swinging
Batting: RHB Matt Silva 0-0: Ball
1-0: Foul Ball, location: 2F
1-1: Ground out 5-3 (Groundball, 56S, EV 78.1 MPH)
Top of the 6th over - 0 runs, 1 hit, 0 errors, 1 left on base; Pensacola 1 - Mississippi 3
BOTTOM OF THE 6TH
Mississippi Braves batting - Pitching for Pensacola Blue Wahoos : LHP Suk-jin Sok
Batting: RHB Yojiro Hayashi 0-0: Ball
1-0: Ball
2-0: Called Strike
2-1: Foul Ball, location: 2F
2-2: DOUBLE (Groundball, 5L, EV 101.2 MPH)
Batting: RHB Jordan Martin 0-0: Ground out 5-3 (Groundball, 56S, EV 86.9 MPH)
Batting: SHB David Beauchamp 0-0: Intentional Walk
Batting: RHB Alex Velasquez 0-0: Called Strike
0-1: Foul Ball, location: 2F
0-2: Ball
1-2: Ball
2-2: SINGLE (Groundball, 56D, EV 106.2 MPH)
Yojiro Hayashi to third
David Beauchamp to second
Batting: RHB Hieronim Rutkowski 0-0: Fielders Choice at 3rd, U5 (Groundball, 5L, EV 81.9 MPH)
Yojiro Hayashi scores
Alex Velasquez to second
Batting: RHB Erik Coleman 0-0: Foul Ball, location: 2F
0-1: Ball
1-1: Foul Ball, location: 2F
1-2: Ball
2-2: SINGLE (Line Drive, 8RS, EV 99.4 MPH)
Alex Velasquez to third
Hieronim Rutkowski to second
Runner from 3rd tries for Home, SAFE, throw by CF to home
Pitching: RHP Dave Hammertime
Batting: RHB Jose Garate 0-0: Called Strike
Hieronim Rutkowski steals 3rd base
Erik Coleman to second
0-1: Ball
1-1: SINGLE (Line Drive, 8LS, EV 100.0 MPH)
Hieronim Rutkowski scores
Erik Coleman to third
Runner from 3rd tries for Home, SAFE, throw by CF to home
Batting: RHB Justin Reich Pickoff Throw to First - Out! 1-3
Bottom of the 6th over - 4 runs, 4 hits, 0 errors, 0 left on base; Pensacola 1 - Mississippi 7
TOP OF THE 7TH
Pensacola Blue Wahoos batting - Pitching for Mississippi Braves : LHP Steve Young
Batting: RHB Pat Mage 0-0: Foul Ball, location: 2F
0-1: Hit by Pitch
Batting: LHB Phil Lomax 0-0: Foul Ball, location: 2F
0-1: Foul Ball, location: 2F
0-2: Ball
1-2: Ball
2-2: Strikes out swinging
Batting: RHB Jonathan Robies 0-0: Called Strike
0-1: Swinging Strike
0-2: Ball
1-2: Ball
2-2: Foul Ball, location: 2F
2-2: Strikes out looking
Batting: RHB Tony Casas 0-0: Called Strike
0-1: Swinging Strike
0-2: Ball
1-2: Strikes out looking
Top of the 7th over - 0 runs, 0 hits, 0 errors, 1 left on base; Pensacola 1 - Mississippi 7
BOTTOM OF THE 7TH
Mississippi Braves batting - Pitching for Pensacola Blue Wahoos : RHP Dave Hammertime
Batting: RHB Justin Reich 0-0: Foul Ball, location: 2F
0-1: Ball
1-1: Swinging Strike
1-2: Foul Ball, location: 2F
1-2: Ball
2-2: Ball
3-2: Base on Balls
Batting: SHB Jose Melendez 0-0: Foul Ball, location: 2F
0-1: Foul Ball, location: 2F
0-2: Ball
1-2: Ball
2-2: Foul Ball, location: 2F
2-2: Foul Ball, location: 2F
2-2: Strikes out swinging
Batting: RHB Yojiro Hayashi 0-0: Ball
1-0: Ball
2-0: Foul Ball, location: 2F
2-1: Foul Ball, location: 2F
2-2: Fly out, F2 (Popup, 2RF, EV 90.6 MPH)
Batting: RHB Jordan Martin 0-0: SINGLE (Line Drive, 8RS, EV 100.0 MPH)
Justin Reich to second
Runner from 2nd tries for 3rd, SAFE, throw by CF made to third
Batting: SHB David Beauchamp 0-0: Called Strike
0-1: Called Strike
0-2: Foul Ball, location: 2F
0-2: Ball
1-2: Fly out, F5 (Popup, 5F, EV 75.6 MPH)
Bottom of the 7th over - 0 runs, 1 hit, 0 errors, 2 left on base; Pensacola 1 - Mississippi 7
TOP OF THE 8TH
Pensacola Blue Wahoos batting - Pitching for Mississippi Braves : LHP Steve Young
Pitching: RHP Thomas Crowner
Batting: RHB Juan Reyes 0-0: Called Strike
0-1: Ball
1-1: Foul Ball, location: 2F
1-2: Strikes out swinging
Batting: LHB Brian Snyder 0-0: Called Strike
0-1: Ball
1-1: Ball
2-1: Ball
3-1: Called Strike
3-2: Strikes out swinging
Batting: RHB Jordan Torres 0-0: Ball
1-0: Called Strike
1-1: Foul Ball, location: 2F
1-2: Foul Ball, location: 2F
1-2: Ground out U3 (Groundball, 34, EV 78.1 MPH)
Top of the 8th over - 0 runs, 0 hits, 0 errors, 0 left on base; Pensacola 1 - Mississippi 7
BOTTOM OF THE 8TH
Mississippi Braves batting - Pitching for Pensacola Blue Wahoos : RHP Dave Hammertime
Batting: RHB Alex Velasquez 0-0: Ball
1-0: Ball
2-0: Ball
3-0: Base on Balls
Batting: RHB Hieronim Rutkowski 0-0: Called Strike
Alex Velasquez steals 2nd base
0-1: SINGLE (Groundball, 6MD, EV 102.5 MPH)
Alex Velasquez to third
Runner from 3rd tries for Home, SAFE, throw by CF to home
Pinch Hitting: LHB Tony Zizumbo 0-0: Ball
1-0: Called Strike
1-1: Ball
Hieronim Rutkowski steals 2nd base (no throw)
2-1: Called Strike
2-2: Ground out 4-3 (Groundball, 4, EV 103.1 MPH)
Hieronim Rutkowski to third
Pinch Hitting: RHB Corey Dalton 0-0: Ball
1-0: Ball
2-0: Called Strike
2-1: Ball
3-1: SINGLE (Groundball, P, EV 88.1 MPH) (infield hit)
Hieronim Rutkowski scores
Batting: RHB Justin Reich 0-0: Ball
1-0: Ball
2-0: SINGLE (Line Drive, 9S, EV 106.2 MPH)
Corey Dalton to second
Pitching: LHP Gavrilo Brkic
Batting: SHB Jose Melendez 0-0: Swinging Strike
0-1: Swinging Strike
0-2: Reached on error, E6 (Groundball, 56, EV 85.0 MPH)
Corey Dalton to third
Justin Reich to second
Batting: RHB Yojiro Hayashi 0-0: Ball
1-0: Ball
2-0: Ball
3-0: Called Strike
3-1: SINGLE (Line Drive, 8LS, EV 86.9 MPH)
Corey Dalton scores
Justin Reich to third
Jose Melendez to second
Runner from 3rd tries for Home, throw by CF and OUT! 8-2
Batting: RHB Jordan Martin 0-0: Ball
1-0: Ball
2-0: Fielders Choice at 2nd, 6-4 (Groundball, 6, EV 94.4 MPH)
Bottom of the 8th over - 3 runs, 4 hits, 1 error, 2 left on base; Pensacola 1 - Mississippi 10
TOP OF THE 9TH
Pensacola Blue Wahoos batting - Pitching for Mississippi Braves : RHP Thomas Crowner
Now at 1B: Corey Dalton
Now in LF: Tony Zizumbo
Batting: RHB Dave Ruiz 0-0: Foul Ball, location: 2F
0-1: Foul Ball, location: 2F
0-2: Ball
1-2: Strikes out looking
Batting: RHB Matt Silva 0-0: Ball
1-0: Swinging Strike
1-1: Called Strike
1-2: SINGLE (Groundball, 4MD, EV 103.8 MPH)
Batting: RHB Pat Mage 0-0: Ball
1-0: Swinging Strike
1-1: Swinging Strike
1-2: Grounds into double play, 3-6-1 (Groundball, 34, EV 102.5 MPH)
Top of the 9th over - 0 runs, 1 hit, 0 errors, 0 left on base; Pensacola 1 - Mississippi 10
Tuesday, March 28th , 2023 - OOTP Baseball 23.10 Build 110